 Dungeon Crawl Stone Soup version 0.27.1-2-g3b301248ec (webtiles) character file.

Game seed: 10226557763709722478

78082 Borgoz the Warrior (level 15, -19/103 HPs)
             Began as a Gargoyle Berserker on Sept 26, 2021.
             Was a High Priest of Trog.
             Demolished by an enormous slime creature (55 damage)
             ... on level 14 of the Dungeon.
             The game lasted 00:31:29 (30849 turns).

Borgoz the Warrior (Gargoyle Berserker)            Turns: 30849, Time: 00:31:31

Health: -19/103    AC: 24    Str: 22    XL:     15   Next: 59%
Magic:  15/15      EV: 21    Int: 13    God:    Trog [*****.]
Gold:   1503       SH:  5    Dex: 17    Spells: 14/14 levels left

rFire    . . .     SeeInvis +   H - +9 flail of Senoomim {elec, rElec Int+4 Dex+4}
rCold    . . .     Faith    .   (no shield)
rNeg     + . .     Spirit   .   m - +1 steam dragon scales
rPois    ∞         Reflect  +   (no helmet)
rElec    +         Harm     .   (no cloak)
rCorr    .         Rampage  .   r - +2 pair of gloves
Will     +....                  (no boots)
Stlth    ++........             N - amulet of reflection
HPRegen  0.27/turn              v - ring of see invisible
MPRegen  0.14/turn              t - +4 ring of evasion

@: on berserk cooldown, flying, slowed, very slow
A: sickness immunity, AC +11, big wings, negative energy resistance 1,
electricity resistance, torment resistance 1, petrification resistance
a: Renounce Religion, Berserk, Trog's Hand, Brothers in Arms


You were on level 14 of the Dungeon.
You worshipped Trog.
Trog was extremely pleased with you.
You visited 2 branches of the dungeon, and saw 20 of its levels.
You also visited: Ossuary.

You collected 1643 gold pieces.
You spent 140 gold pieces at shops.

Inventory:

Hand Weapons
 a - a +2 great mace
 b - a +1 demon whip of electrocution
 p - the +5 hand axe of Prudence {pain, +Blink rF- rC+ Dex+8}
   (You found it on level 12 of the Dungeon)

   In the hands of one skilled in necromantic magic, it inflicts extra damage on
   living creatures.
   Dex:       It affects your dexterity (+8).
   rF:        It makes you vulnerable to fire.
   rC:        It protects you from cold.
   +Blink:    It lets you blink.
   Trog disapproves of the use of such an item.
 z - a +5 eveningstar
 H - the +9 flail of Senoomim (weapon) {elec, rElec Int+4 Dex+4}
   (You took it off a skeletal warrior on level 13 of the Dungeon)

   It occasionally discharges a powerful burst of electricity upon striking a
   foe.
   Int:       It affects your intelligence (+4).
   Dex:       It affects your dexterity (+4).
   rElec:     It insulates you from electricity.
 J - the +6 war axe of Vanity {elec, rC+ Int+3}
   (You found it on level 13 of the Dungeon)

   It occasionally discharges a powerful burst of electricity upon striking a
   foe.
   Int:       It affects your intelligence (+3).
   rC:        It protects you from cold.
 O - a +0 dire flail of holy wrath
Missiles
 R - a throwing net (quivered)
Armour
 m - +1 steam dragon scales (worn)
 r - a +2 pair of gloves (worn)
 K - the +1 plate armour "Lufomy" {rC+ Int+2}
   (You found it on level 4 of the Lair of Beasts)

   Int:       It affects your intelligence (+2).
   rC:        It protects you from cold.
Jewellery
 d - a ring of resist corrosion
 h - a ring of fire
 q - a +6 ring of intelligence
 t - a +4 ring of evasion (right hand)
 v - a ring of see invisible (left hand)
 y - a ring of fire
 M - the macabre finger necklace {rN+}
   (You found it on level 6 of the Lair of Beasts)

   [amulet of nothing]

   It enables you to equip an extra ring.
   rN:        It protects you from negative energy.
 N - an amulet of reflection (around neck)
Wands
 n - a wand of iceblast (12)
 s - a wand of flame (57)
 u - a wand of paralysis (23)
 C - a wand of acid (7)
 D - a wand of digging (8)
 V - a wand of mindburst (13)
Scrolls
 e - 3 scrolls of fog
 g - 4 scrolls of fear
 i - 5 scrolls of teleportation
 o - 3 scrolls of blinking
 x - 5 scrolls of enchant weapon
 G - a scroll of holy word {unknown}
 I - 2 scrolls of magic mapping
 L - 2 scrolls of summoning
 P - 2 scrolls of immolation {unknown}
 Q - a scroll of identify
 S - a scroll of torment {unknown}
 U - a scroll of enchant armour
Potions
 c - 6 potions of curing
 f - 4 potions of magic
 j - 3 potions of mutation
 k - 5 potions of heal wounds
 l - 4 potions of berserk rage
 w - a potion of ambrosia
 A - 3 potions of attraction
 B - 4 potions of haste
 E - a potion of resistance
 F - 3 potions of might
 T - a potion of invisibility {unknown}


   Skills:
 * Level 15.6 Fighting
 * Level 14.5 Maces & Flails
 * Level 15.5 Armour
 + Level 9.2 Dodging


You had 14 spell levels left.
You didn't know any spells.
Your spell library was empty.

Dungeon Overview and Level Annotations

Branches:
Dungeon (14/15) Temple (0/1) D:5 Lair (6/6) D:9 Swamp (0/4) Lair:3 Spider (0/4) Lair:2 Slime (0/5) Lair:5 Orc (0/2) D:9 Vaults (0/5) D:12 D:13 Ossuary (visited)

Altars:
Fedhas
Gozag
Kikubaaqudgha
Okawaru
Trog
Yredelemnul
The Shining One
Beogh
Jiyva

Shops:
D:2 *   D:7 ?   D:8 [   D:9 (

Portals:
Trove: D:10 (give 8 scrolls of blinking)


Innate Abilities, Weirdness & Mutations

You are immune to sickness and miasma.
Your stone body is resilient. (AC +11)
You are immune to poison.
Your large and strong wings let you fly.
You resist negative energy. (rN+)
You are resistant to electric shocks. (rElec)
You are resistant to unholy torment.
You are immune to petrification.


Message History

You are too injured to fight recklessly!
You are too injured to fight recklessly!
You are too injured to fight recklessly!
You are too injured to fight recklessly!
You are too injured to fight recklessly!
You are too injured to fight recklessly!
You are too injured to fight recklessly!
You are too injured to fight recklessly!
You are too injured to fight recklessly!
You are too injured to fight recklessly!
You are too injured to fight recklessly!
You are too injured to fight recklessly!
You are too injured to fight recklessly!
You are too injured to fight recklessly!
You are too injured to fight recklessly!
You are too injured to fight recklessly!
You are too injured to fight recklessly!
You are too injured to fight recklessly!
You are too injured to fight recklessly!
The centaur wields a +0 shortbow.
The centaur shoots an arrow.
You reflect the arrow off an invisible shield around you!
The arrow hits the centaur!
An enormous slime creature splits.
A large slime creature splits.
Two slime creatures merge to form a large slime creature.
The large slime creature hits you.
You bludgeon the large slime creature!!
Lightning courses through the large slime creature!
The large slime creature is almost dead.
The large slime creature misses you.
Two slime creatures merge to form an enormous slime creature.
You sock the enormous slime creature!
The enormous slime creature is almost dead.
You sock the enormous slime creature!
Lightning courses through the enormous slime creature!
The enormous slime creature is almost dead.
A slime creature comes into view.
The enormous slime creature hits you!!!
Ouch! That really hurt!
You die...

#
#......>###.#
#.
#.#####..)..#
##.##.#
#.#####
#...#.# #.#
#..# #.#
#.#.#..#####.#
#............#
#.<..###...###
#.#.# ##@## #
#. #J# ..
#c#### .#
#cc..# #.
#.##.♣ #)J...♣
.........
.....#..♣♣
......# ♣♣


You could see an enormous slime creature, a slime creature (wandering) and 3
centaurs.

Vanquished Creatures
  Rupert (Lair:4)
  2 acid blobs (Lair:5)
  Nessos (Lair:6)
  A dire elephant (Lair:6)
  3 boulder beetles
  The ghost of chuckie79 the Cleaver, a journeyman HOFi (Lair:1)
  A vault guard (D:10)
  5 hydras
  The ghost of Capylives the Cleaver, a journeyman HOFi of Cheibriados (D:11)
  4 centaur warriors
  2 catoblepae
  4 death yaks
  A tengu warrior (D:14)
  3 two-headed ogres
  Urug (D:12)
  A deep troll shaman (Lair:6)
  Sonja (Lair:2)
  3 skeletal warriors
  A flayed ghost (D:10)
  A deep elf zephyrmancer (D:13)
  3 deep elf pyromancers
  5 cyclopes
  7 ugly things
  18 elephants
  3 black mambas
  3 orange demons (D:10)
  2 torpor snails
  A gargoyle (D:11)
  4 cane toads
  4 unseen horrors
  A rime drake (Lair:4)
  10 komodo dragons
  2 tengu conjurers
  2 red devils (D:10)
  A freezing wraith (D:14)
  2 trolls
  Grinder (D:4)
  A polar bear (shapeshifter) (D:14)
  2 polar bears
  A hornet (D:10)
  15 blink frogs
  10 slime creatures
  4 dream sheep (Lair:5)
  2 spriggans (Lair:4)
  3 redbacks (Lair:2)
  15 humans (D:12)
  2 wyverns
  2 wraiths
  A shadow (D:10)
  2 vampires
  45 yaks
  3 steam dragons (D:8)
  3 basilisks
  2 vampire mosquitoes (D:12)
  5 swamp worms (Lair:3)
  14 water moccasins
  3 acid dragons
  4 orc warriors
  A black bear (Lair:4)
  5 ogres
  2 sky beasts
  2 necrophages
  15 wolves
  14 centaurs
  An elf zombie (Ossuary)
  5 kobold brigands
  A scorpion (D:4)
  A gnoll sergeant (D:13)
  15 bullfrogs
  A water moccasin zombie (D:5)
  2 wyvern zombies
  6 killer bees (D:9)
  4 electric eels
  4 howler monkeys
  2 hounds
  3 orc priests
  5 jellies
  2 centaur zombies
  A gnoll shaman (D:7)
  7 centaur skeletons
  A human zombie (Ossuary)
  A bullfrog skeleton (D:6)
  7 iguanas
  8 orc wizards
  5 hell rats (Lair:1)
  3 mummies
  A howler monkey zombie (D:6)
  A howler monkey skeleton (D:6)
  7 gnolls
  8 adders
  4 white imps
  3 worms
  3 dart slugs (D:1)
  26 orcs
  6 bats
  6 endoplasms
  A giant cockroach (D:1)
  2 gnoll zombies (Ossuary)
  5 hobgoblins
  4 quokkas
  4 ball pythons
  7 goblins
  A goblin zombie (Ossuary)
  4 hobgoblin zombies (Ossuary)
  17 kobolds
  5 orc zombies (Ossuary)
  5 rats
490 creatures vanquished.

Vanquished Creatures (collateral kills)
  2 death yaks (D:9)
  A torpor snail (Lair:1)
  A cane toad (Lair:1)
  A troll (D:9)
  A blink frog (Lair:1)
  5 yaks (D:9)
  2 orc warriors (D:9)
  A wolf (Lair:4)
  A kobold brigand (D:9)
  5 gnoll sergeants (D:9)
  4 gnolls (D:9)
  An orc (D:9)
25 creatures vanquished.

Vanquished Creatures (others)
  A human (D:13)
  13 fungi
  8 plants
22 creatures vanquished.

Grand Total: 537 creatures vanquished

Notes
Turn   | Place    | Note
-------+----------+-------------------------------------------
     0 | D:1      | Borgoz the Gargoyle Berserker began the quest for the Orb.
     0 | D:1      | Reached XP level 1. HP: 14/14 MP: 1/1
   305 | D:1      | Reached XP level 2. HP: 19/19 MP: 2/2
   729 | D:1      | Reached XP level 3. HP: 19/23 MP: 3/3
   839 | D:1      | Found a faded altar of an unknown god.
   976 | D:2      | Found Xiythrih's General Store.
   992 | D:2      | Bought a scroll of identify for 26 gold pieces
  1033 | D:2      | Reached ** piety under Trog
  1422 | D:2      | Reached XP level 4. HP: 28/29 MP: 4/4
  1767 | D:3      | Found a blossoming altar of Fedhas.
  1970 | D:3      | You fall into a shaft and drop 2 floors!
  1970 | D:5      | Entered Level 5 of the Dungeon
  2022 | D:5      | Reached XP level 5. HP: 26/33 MP: 5/5
  2081 | D:5      | Noticed a water moccasin
  2093 | D:5      | Killed a water moccasin
  2094 | D:5      | Reached XP level 6. HP: 25/39 MP: 6/6
  2509 | D:3      | Reached skill level 5 in Fighting
  3291 | D:4      | Reached XP level 7. HP: 40/44 MP: 7/7
  3725 | D:4      | Reached skill level 5 in Maces & Flails
  4038 | D:4      | Noticed Grinder
  4044 | D:4      | Paralysed by Grinder for 5 turns
  4055 | D:4      | Paralysed by Grinder for 5 turns
  4065 | D:4      | HP: 1/44 [Grinder/nerve-wracking pain (7)]
  4069 | D:4      | Killed Grinder
  4070 | D:4      | Reached skill level 5 in Armour
  4580 | D:5      | Reached XP level 8. HP: 51/51 MP: 8/8
  4583 | D:5      | Found a staircase to the Ecumenical Temple.
  4991 | D:5      | Found a bloodstained altar of Trog.
  5092 | D:5      | Found an opulent altar of Gozag.
  6227 | D:6      | Found a glowing golden altar of the Shining One.
  6255 | D:6      | Reached *** piety under Trog
  6600 | D:6      | Reached XP level 9. HP: 51/57 MP: 9/9
  7431 | D:7      | Found Cidghouhu's Magic Scroll Shop.
  7435 | D:7      | Bought a scroll of blinking for 90 gold pieces
  7435 | D:7      | Bought a scroll of identify for 24 gold pieces
  7453 | D:7      | Identified the +7 spear "Robicw" {drain, Str+3}
  8767 | D:7      | Reached **** piety under Trog
  9170 | D:8      | Found a sand-covered staircase.
  9174 | Ossuary  | Entered an ossuary
  9517 | Ossuary  | Reached XP level 10. HP: 65/65 MP: 10/10
  9930 | D:8      | Found Notib's Armour Shop.
 10361 | D:9      | Noticed a death yak
 10361 | D:9      | Noticed a death yak
 10362 | D:9      | Noticed a death yak
 10376 | D:9      | Reached skill level 5 in Dodging
 10381 | D:9      | Killed a death yak
 10386 | D:9      | Killed a death yak
 10412 | D:9      | Killed a death yak
 10733 | D:9      | Reached skill level 10 in Fighting
 10813 | D:9      | Reached XP level 11. HP: 54/72 MP: 11/11
 10834 | D:9      | Reached skill level 10 in Armour
 10933 | D:9      | Found a staircase to the Lair.
 11220 | D:9      | Found a staircase to the Orcish Mines.
 11807 | D:9      | Found Daweb's Weapon Shop.
 12010 | D:10     | Entered Level 10 of the Dungeon
 12110 | D:10     | Found a transporter.
 12145 | D:10     | Found a transporter.
 12145 | D:10     | Found an ancient bone altar of Kikubaaqudgha.
 12157 | D:10     | Noticed a flayed ghost
 12454 | D:10     | Noticed a vault guard
 12465 | D:10     | Killed a vault guard
 12466 | D:10     | Reached skill level 10 in Maces & Flails
 12502 | D:10     | Found a portal to a secret trove of treasure.
 13047 | D:10     | Noticed a two-headed ogre
 13064 | D:10     | Killed a two-headed ogre
 13300 | D:10     | Noticed a two-headed ogre
 13307 | D:10     | Killed a two-headed ogre
 13308 | D:10     | Reached XP level 12. HP: 80/80 MP: 12/12
 13606 | D:10     | Found a basalt altar of Yredelemnul.
 13879 | D:11     | Noticed a boulder beetle
 13905 | D:11     | Killed a boulder beetle
 14129 | D:11     | Identified the +6 dagger "Gargoyle's Peril" {freeze, rC+
                  | Int+3}
 14785 | D:11     | Found a runed translucent gate.
 14785 | D:11     | Found a runed translucent gate.
 14785 | D:11     | Noticed Capylives's ghost (journeyman HOFi)
 14786 | D:11     | Found a runed translucent gate.
 14793 | D:11     | Identified the +1 plate armour "Iti Pagia" {Str+3}
 15066 | Lair:1   | Entered Level 1 of the Lair of Beasts
 15131 | Lair:1   | Found a transporter.
 15134 | Lair:1   | Noticed chuckie79's ghost (journeyman HOFi)
 15135 | Lair:1   | Found a transporter.
 16016 | Lair:1   | Reached ***** piety under Trog
 16360 | Lair:2   | Noticed a catoblepas
 16377 | Lair:2   | Killed a catoblepas
 16880 | Lair:2   | Found a hole to the Spider Nest.
 17852 | Lair:2   | Noticed Sonja
 17863 | Lair:2   | Killed Sonja
 17977 | Lair:2   | Noticed a five-headed hydra
 17985 | Lair:2   | Killed a five-headed hydra
 17986 | Lair:2   | Reached XP level 13. HP: 59/87 MP: 13/13
 19696 | Lair:3   | Found a staircase to the Swamp.
 20497 | Lair:4   | Identified the +1 plate armour "Lufomy" {rC+ Int+2}
 20612 | Lair:4   | Found an iron altar of Okawaru.
 20828 | Lair:4   | Noticed Rupert
 20852 | Lair:4   | Killed Rupert
 22367 | Lair:5   | Found a runed translucent door.
 22368 | Lair:5   | Found a viscous altar of Jiyva.
 22369 | Lair:5   | Noticed an acid blob
 22370 | Lair:5   | Found a staircase to the Slime Pits.
 22371 | Lair:5   | Noticed an acid blob
 22896 | Lair:6   | Entered Level 6 of the Lair of Beasts
 22913 | Lair:6   | Gained mutation: Your large and strong wings let you fly.
                  | [Gargoyle growth]
 22913 | Lair:6   | Reached XP level 14. HP: 95/95 MP: 14/14
 23180 | Lair:6   | Identified a scroll of acquirement
 23181 | Lair:6   | Acquired a +1 demon whip of electrocution
 23737 | Lair:6   | Noticed Nessos
 24264 | Lair:6   | Killed Nessos
 25052 | Lair:6   | Found the macabre finger necklace {rN+}
 25052 | Lair:6   | Noticed a dire elephant
 25075 | Lair:6   | Killed a dire elephant
 25957 | D:10     | Received a gift from Trog
 26126 | D:11     | Killed Capylives's ghost
 26155 | D:11     | Identified the +1 robe of Loepnudd {Str+4}
 26441 | Lair:1   | Killed chuckie79's ghost
 26460 | Lair:1   | Identified the +4 shortbow of Heax {speed, rN+ Str+6 Int-5}
 26826 | Lair:5   | Killed an acid blob
 26833 | Lair:5   | Killed an acid blob
 27131 | D:12     | Identified the +5 hand axe of Prudence {pain, +Blink rF-
                  | rC+ Dex+8}
 27665 | D:12     | Reached XP level 15. HP: 101/101 MP: 15/15
 27675 | D:12     | Reached skill level 15 in Fighting
 28192 | D:13     | Noticed Urug
 28192 | D:13     | Found a gate to the Vaults.
 28216 | D:12     | Reached skill level 15 in Armour
 28460 | D:12     | Killed Urug
 28881 | D:13     | Identified the +9 flail of Senoomim {elec, rElec Int+4
                  | Dex+4}
 29747 | D:13     | Identified the +6 war axe of Vanity {elec, rC+ Int+3}
 30849 | D:14     | Demolished by an enormous slime creature

Illustrated notes

Levels and vault maps discovered:
D:1:      amcnicky_arrival_single_pillar, layout_rooms,
          shapermc_ecumenical_altar_hornbeckon, hangedman_glass_teeth
D:2:      layout_rooms, serial_shops, shop, minivault_14,
          minmay_indecisive_spiral
D:3:      layout_loops_ring, mainiacjoe_overflow_alcove_4,
          roderic_nine_men_s_morris, wad_floor_pattern_2,
          hangedman_decor_growths
D:4:      layout_layer_cave, uniq_grinder
D:5:      layout_basic, mainiacjoe_overflow_cross_hatched,
          mainiacjoe_overflow_surrounded_room, minmay_temple_entry_waves
D:6:      layout_loops_ring, overflow_temple_1_default
D:7:      layout_gridville, serial_shops, nicolae_shop_stone,
          minmay_starry_boxes
D:8:      layout_rooms, enter_ossuary_5, serial_shops, shop
D:9:      layout_basic, dpeg_lair_monsters,
          kennysheep_orc_monster_closet_entryway, serial_shops,
          kennysheep_mini_moat
D:10:     kennysheep_spiral_hall, layout_long_grid, gammafunk_temple_of_torment,
          enter_trove_5, minmay_beelzebubs_servants
D:11:     layout_roguey, biasface_ghost_orc_armoury
D:12:     layout_basic
D:13:     layout_rooms, david_vaults_3
D:14:     layout_loops_ring, fedhas_altar_4
Lair:1:   layout_cave_pods, gammafunk_ghost_arena, minivault_23, disabler_island
Lair:2:   layout_cave_pods, spider_nest_entry_webs,
          chequers_serial_rivers_micro_b, uniq_sonja
Lair:3:   layout_concentric_octagons, nicolae_swamp_entry_splash_gauntlet,
          serial_bayou_shore_a, lemuel_fruit_fields
Lair:4:   layout_gridlike, basic_altar, forest_entry_grove, grunt_megastairs_5,
          uniq_rupert
Lair:5:   layout_regular_city, slime_altar_2
Lair:6:   grunt_lair_end_beastmaster, layout_layer_cave, uniq_nessos

Skill      XL: |  1  2  3  4  5  6  7  8  9 10 11 12 13 14 15 |
---------------+----------------------------------------------+-----
Dodging        | 2 3 4 5 6 7 8 9 |  9.2
Armour         | 3 4 5 6 8 9 11 12 13 14 15 | 15.5
Fighting       | 4 5 6 7 8 10 11 12 13 14 15 | 15.6
Maces & Flails | 4 5 6 7 9 10 11 12 13 14 | 14.5

Action                   |  1- 3 |  4- 6 |  7- 9 | 10-12 | 13-15 || total
-------------------------+-------+-------+-------+-------+-------++-------
Melee: Mace              |    97 |   140 |   407 |       |       ||   644
       Dire flail        |       |       |   108 |   673 |   522 ||  1303
       Demon whip        |       |       |       |       |   612 ||   612
       Flail             |       |       |       |       |   159 ||   159
Invok: Berserk           |       |     2 |    13 |    18 |    24 ||    57
       Trog's Hand       |       |     1 |     4 |     2 |     2 ||     9
       Brothers in Arms  |       |       |       |     4 |     5 ||     9
Evoke: Wand              |       |       |       |     7 |     4 ||    11
  Use: Scroll            |       |     4 |    11 |     1 |    12 ||    28
       Potion            |       |       |     1 |       |     2 ||     3
 Stab: Paralysed         |       |       |       |    11 |       ||    11
       Distracted        |       |       |       |     1 |       ||     1
       Sleeping          |       |       |       |     1 |     2 ||     3
       Petrified         |       |       |       |       |     8 ||     8
Armor: Animal skin       |     8 |       |       |       |       ||     8
       Ring mail         |    47 |    64 |    85 |       |       ||   196
       Scale mail        |       |       |   212 |    30 |       ||   242
       Steam dragon scal |       |       |       |   204 |   397 ||   601
Dodge: Dodged            |   103 |    67 |   330 |   558 |   952 ||  2010
Block: Other             |       |       |       |       |   115 ||   115
       Reflection        |       |       |       |       |    14 ||    14
